Map: Oxide LE

Players

HeRoMaRinE

  • Race: Terran Terran
  • Spawn Location: 1:00

Zest - Winner!

  • Race: Protoss Protoss
  • Spawn Location: 7:00

Event: IEM Katowice 2021

VOD

Have the link to the VOD?

Description

Time

  • Played on: Feb. 24, 2021, 1:05 p.m.
  • Length: 9:45

All games in this series

Show
View Real Time Build Order
Export as new Build Order

HeRoMaRinE Terran 

Build Orders:  

Get SALT Encoding   

  12  0:00  SCV  
  13  0:12  SCV  
  14  0:17  Supply Depot  
  14  0:24  SCV  
  15  0:39  SCV  
  15  0:40  Barracks  
  16  0:43  Refinery  
  16  0:51  SCV  
  17  1:03  SCV  
  18  1:15  SCV  
  19  1:27  Marine, Orbital Command  
  20  1:42  Command Center  
  20  1:55  SCV, Factory  
  21  2:02  Barracks Reactor  
  21  2:07  SCV  
  22  2:09  Supply Depot  
  22  2:19  SCV  
  22  2:21  Refinery  
  23  2:31  SCV  
  24  2:38  Marine  
  24  2:39  Hellion, Marine  
  24  2:41  Starport  
  24  2:44  SCV  
  28  2:54  Orbital Command  
  28  2:56  Marine x2  
  30  3:04  Hellion  
  32  3:06  SCV  
  32  3:10  Orbital Command  
  33  3:14  Marine x2  
  33  3:17  Medivac  
  37  3:24  Supply Depot  
  37  3:28  Hellion  
  37  3:29  SCV  
  40  3:35  Marine x2  
  40  3:38  SCV  
  40  3:41  SCV  
  44  3:47  Starport Tech Lab  
  44  3:51  SCV, Factory Tech Lab  
  44  3:53  SCV, Marine x2  
  48  3:55  Supply Depot  
  48  4:03  SCV  
  48  4:05  SCV  
  48  4:09  Raven  
  52  4:12  Engineering Bay  
  52  4:15  Marine  
  52  4:16  SCV, Marine  
  53  4:17  SCV  
  53  4:22  Cyclone  
  57  4:28  SCV  
  57  4:29  SCV  
  59  4:33  Marine  
  59  4:34  Marine  
  58  4:39  Missile Turret  
  58  4:40  SCV  
  58  4:41  SCV  
  59  4:51  Marine  
  59  4:52  SCV, Marine  
  55  4:53  SCV  
  51  5:05  SCV, Siege Tank  
  55  5:14  Banshee  
  55  5:15  Marine  
  55  5:16  Marine  
  55  5:17  SCV  
  59  5:24  SCV  
  58  5:29  SCV  
  58  5:33  Marine x2  
  58  5:34  Missile Turret  
  61  5:42  Supply Depot, Siege Tank  
  64  5:44  SCV  
  64  5:48  SCV  
  66  5:51  Marine x2  
  66  5:54  Supply Depot  
  68  5:58  SCV  
  68  6:00  SCV  
  68  6:03  Banshee  
  71  6:09  Marine x2  
  71  6:10  SCV  
  74  6:12  Supply Depot  
  74  6:19  Siege Tank  
  74  6:20  SCV  
  74  6:23  SCV  
  77  6:27  Marine x2  
  77  6:29  Missile Turret  
  79  6:33  SCV  
  79  6:35  SCV  
  81  6:44  Marine  
  78  6:47  SCV  
  78  6:48  SCV  
  78  6:50  Marine  
  78  6:53  Siege Tank  
  76  6:59  SCV  
  76  7:00  SCV  
  77  7:02  Marine  
  77  7:03  Barracks  
  77  7:04  Missile Turret  
  77  7:09  Marine  
  77  7:12  SCV x2  
  80  7:17  Banshee  
  80  7:20  Marine  
  73  7:24  SCV x2  
  73  7:26  Marine  
  73  7:30  Barracks  
  73  7:36  SCV x2  
  75  7:38  Marine  
  75  7:42  Terran Infantry Weapons Level 1  
  64  7:44  Marine  
  64  7:45  Refinery  
  65  7:56  Marine  
  65  7:57  Refinery  
  64  8:02  Marine  
  64  8:03  Barracks, Marine  
  64  8:04  Barracks  
  65  8:07  Factory Tech Lab  
  65  8:08  SCV x2  
  65  8:11  Starport Reactor  
  67  8:14  Supply Depot, Marine  
  68  8:21  Marine  
  68  8:26  Siege Tank  
  74  8:27  Marine x2  
  74  8:31  Marine  
  74  8:32  Supply Depot  
  74  8:33  Supply Depot  
  75  8:39  Marine  
  76  8:46  Marauder  
  76  8:47  Marauder  
  80  8:49  Marine  
  80  8:50  SCV x2  
  80  8:52  Marine x2  
  76  8:57  Marine  
  76  8:58  Siege Tank  
  77  9:07  Marine x2  
  67  9:10  Marine x2  
  67  9:13  Medivac  
  67  9:14  Marine  
  67  9:15  SCV x2  
  66  9:21  Marine  
  64  9:25  Marine x2  
Show
View Real Time Build Order
Export as new Build Order

Zest Protoss - Winner!

Build Orders: 1 Gate Expand, Zealot Archon, Archon Drop, Dark Templar Rush 

Get SALT Encoding   

  12  0:00  Probe  
  13  0:12  Probe  
  14  0:17  Pylon  
  14  0:24  Probe (Chrono Boost)  
  15  0:36  Gateway, Probe (Chrono Boost)  
  16  0:45  Assimilator, Probe (Chrono Boost)  
  17  0:51  Probe  
  18  1:03  Probe  
  19  1:15  Probe  
  20  1:25  Cybernetics Core  
  20  1:33  Nexus  
  20  1:35  Probe  
  21  1:42  Pylon  
  21  1:47  Probe  
  21  1:51  Assimilator  
  22  1:59  Probe (Chrono Boost)  
  23  2:01  Adept  
  23  2:02  Warp Gate  
  25  2:10  Probe (Chrono Boost)  
  25  2:15  Probe (Chrono Boost)  
  27  2:23  Twilight Council  
  27  2:25  Probe (Chrono Boost)  
  28  2:33  Adept  
  28  2:35  Probe (Chrono Boost)  
  31  2:45  Probe (Chrono Boost)  
  31  2:48  Probe (Chrono Boost)  
  31  2:51  Robotics Facility  
  33  2:55  Probe (Chrono Boost)  
  33  2:58  Probe (Chrono Boost)  
  35  3:00  Probe (Chrono Boost)  
  35  3:05  Gateway  
  36  3:08  Probe  
  36  3:11  Probe  
  38  3:16  Dark Shrine  
  38  3:20  Probe, Gateway  
  38  3:23  Probe  
  40  3:28  Pylon  
  41  3:34  Warp Prism (Chrono Boost)  
  41  3:36  Probe  
  43  3:45  Shield Battery  
  43  3:46  Probe  
  43  3:48  Probe  
  45  3:51  Assimilator  
  45  3:55  Shield Battery  
  45  3:59  Probe  
  45  4:00  Probe  
  47  4:21  Probe x2, Nexus  
  49  4:24  Pylon  
  49  4:30  Dark Templar  
  51  4:31  Dark Templar  
  51  4:34  Pylon  
  51  4:37  Dark Templar  
  53  4:41  Pylon  
  53  4:42  Probe x2  
  53  4:43  Pylon  
  53  4:58  Probe x2  
  51  5:05  Dark Templar  
  51  5:06  Dark Templar  
  55  5:11  Blink (Chrono Boost), Probe  
  56  5:18  Probe  
  56  5:23  Probe  
  56  5:24  Stalker  
  59  5:35  Probe  
  59  5:36  Assimilator  
  59  5:38  Probe  
  59  5:41  Forge  
  61  5:42  Dark Templar  
  61  5:44  Shield Battery, Probe (Chrono Boost)  
  61  5:46  Pylon  
  61  5:48  Probe (Chrono Boost)  
  61  5:49  Stalker x2  
  69  5:52  Gateway  
  69  5:55  Probe (Chrono Boost)  
  69  5:56  Gateway, Probe (Chrono Boost)  
  71  5:57  Gateway  
  71  6:00  Probe (Chrono Boost)  
  71  6:03  Archon x2  
  72  6:04  Probe (Chrono Boost)  
  72  6:05  Probe (Chrono Boost)  
  72  6:06  Probe (Chrono Boost)  
  72  6:10  Pylon  
  75  6:14  Stalker x2  
  75  6:15  Stalker  
  77  6:25  Immortal (Chrono Boost)  
  81  6:35  Shield Battery  
  81  6:39  Pylon, Shield Battery  
  81  6:40  Stalker x3  
  84  6:49  Stalker  
  63  6:57  Stalker x2  
  58  7:07  Stalker x3  
  64  7:18  Stalker  
  64  7:27  Stalker  
  64  7:28  Stalker  
  60  7:35  Stalker x3  
  66  7:41  Probe  
  57  7:44  Stalker, Warp Prism (Chrono Boost)  
  57  7:46  Probe x2  
  61  7:52  Stalker  
  61  7:54  Probe  
  61  7:55  Charge  
  64  8:01  Probe  
  64  8:03  Probe  
  66  8:06  Probe  
  66  8:12  Stalker x4  
  75  8:16  Stalker  
  77  8:20  Stalker  
  79  8:35  Sentry  
  79  8:36  Stalker  
  79  8:37  Zealot x2  
  87  8:43  Pylon  
  83  8:57  Stalker  
  83  8:58  Stalker x4  
  73  9:25  Zealot x6  
  71  9:41  Gateway x2  

Tags
 
Add a new tag
Caveats
  • Supply blocks, unpowered buildings, or Contaminate may cause inaccurate times.
  • Supply counts are checked every 10 seconds.